Map: Habitation Station LE (Void)

Players

soO

  • Race: Zerg Zerg
  • Spawn Location: 11:00

ByuL - Winner!

  • Race: Zerg Zerg
  • Spawn Location: 1:00

Event: IEM Season 11 - Gyeonggi

VOD

Have the link to the VOD?

Description

Time

  • Played on: Dec. 14, 2016, 10:18 p.m.
  • Length: 9:46

All games in this series

Show
View Real Time Build Order
Export as new Build Order

soO Zerg 

Build Orders: Pool First 

Get SALT Encoding   

  12  0:01  Drone  
  13  0:12  Overlord  
  13  0:17  Drone  
  14  0:30  Drone x2  
  14  0:33  Drone  
  17  0:44  Spawning Pool  
  17  0:46  Drone  
  17  1:07  Drone  
  17  1:08  Extractor  
  17  1:10  Drone  
  18  1:17  Hatchery  
  17  1:25  Drone  
  18  1:30  Queen  
  20  1:36  Zergling x2  
  21  1:42  Zergling x2  
  22  1:49  Overlord  
  22  2:06  Queen  
  24  2:10  Zergling x2  
  24  2:13  Zergling x2  
  24  2:15  Spine Crawler  
  25  2:28  Zergling x2  
  27  2:35  Metabolic Boost  
  24  2:39  Drone  
  24  2:42  Queen  
  24  2:43  Hatchery  
  26  2:48  Baneling Nest  
  26  2:49  Zergling x2  
  26  2:50  Zergling x2  
  27  2:53  Zergling x2  
  28  3:04  Zergling x2  
  30  3:16  Drone  
  30  3:17  Overlord  
  30  3:37  Hatchery  
  30  3:40  Drone x2  
  30  3:45  Zergling x2  
  29  3:59  Hatchery  
  29  4:01  Zergling x2  
  29  4:04  Drone, Roach Warren  
  29  4:05  Drone  
  30  4:10  Drone  
  31  4:20  Drone  
  30  4:32  Baneling  
  30  4:33  Baneling  
  30  4:39  Overlord  
  30  4:47  Roach x3  
  30  4:49  Roach  
  36  4:58  Roach  
  37  5:08  Roach  
  37  5:09  Roach x3  
  37  5:11  Roach  
  47  5:22  Roach x2  
  51  5:32  Overlord  
  51  5:34  Overlord  
  51  5:38  Baneling  
  51  5:41  Overlord  
  51  5:47  Overlord  
  51  5:51  Roach  
  51  5:52  Roach  
  51  5:56  Zergling x6  
  56  5:58  Zergling x2  
  56  6:04  Roach  
  59  6:07  Roach  
  59  6:13  Roach  
  55  6:24  Roach  
  49  6:31  Drone x5  
  49  6:32  Drone  
  46  6:35  Drone  
  46  6:38  Drone  
  45  6:40  Drone  
  45  6:44  Zergling x2  
  47  6:48  Zergling x2  
  47  6:53  Drone  
  49  6:58  Extractor  
  49  6:59  Extractor  
  47  7:03  Zergling x6  
  47  7:05  Zergling x2  
  51  7:09  Zergling x2  
  51  7:10  Zergling x4  
  54  7:18  Zergling x4  
  56  7:25  Ravager x2, Zergling x2  
  59  7:35  Zergling x2  
  59  7:36  Ravager, Zergling x2  
  62  7:37  Zergling x8  
  62  7:39  Zergling x2  
  62  7:43  Ravager  
  68  7:44  Zergling x2  
  68  7:47  Zergling x2  
  70  7:51  Ravager  
  70  7:53  Zergling x2  
  70  7:56  Baneling  
  70  7:57  Zergling x4  
  70  7:58  Zergling x2  
  75  7:59  Baneling  
  75  8:02  Overlord  
  75  8:04  Baneling  
  75  8:08  Overlord  
  75  8:13  Overlord  
  72  8:26  Roach x2  
  64  8:28  Roach x2  
  64  8:30  Roach  
  64  8:34  Zergling x2  
  61  8:36  Zergling x2  
  61  8:40  Zergling x4  
  64  8:42  Zergling x2  
  65  8:49  Zergling x4  
  65  8:50  Zergling x2  
  65  8:52  Roach  
  65  8:54  Zergling x4  
  70  9:01  Zergling x6  
  73  9:04  Ravager x2  
  75  9:13  Ravager, Roach  
  75  9:14  Roach, Zergling x2  
  76  9:26  Roach x3  
Show
View Real Time Build Order
Export as new Build Order

ByuL Zerg - Winner!

Build Orders: Pool First 

Get SALT Encoding   

  12  0:18  Spawning Pool  
  11  0:21  Drone  
  11  0:26  Drone  
  13  0:32  Extractor  
  13  0:33  Drone  
  13  0:44  Overlord  
  13  1:06  Zergling x6  
  16  1:14  Queen  
  18  1:20  Zergling x2  
  19  1:29  Zergling x2  
  20  1:36  Metabolic Boost  
  20  1:42  Zergling x2  
  21  1:50  Drone  
  22  2:00  Overlord  
  22  2:21  Zergling x2  
  22  2:22  Zergling x4  
  25  2:25  Zergling x4  
  22  2:38  Baneling Nest  
  22  2:39  Drone  
  22  2:45  Drone  
  23  2:57  Drone  
  24  3:12  Drone x2  
  26  3:17  Hatchery  
  25  3:23  Baneling x2  
  25  3:27  Drone  
  25  3:30  Queen  
  28  3:36  Zergling x4  
  30  3:43  Overlord  
  28  3:56  Overlord  
  28  3:58  Baneling x2, Zergling x2  
  29  4:03  Zergling x4  
  31  4:14  Drone, Baneling x2  
  31  4:16  Drone x2  
  34  4:26  Drone  
  34  4:30  Drone  
  36  4:38  Drone  
  37  4:42  Drone x4  
  41  4:51  Drone  
  40  4:55  Drone  
  41  5:01  Drone x3  
  41  5:05  Overlord  
  43  5:07  Roach Warren  
  43  5:09  Drone  
  43  5:13  Drone x3  
  46  5:17  Extractor  
  46  5:19  Evolution Chamber  
  43  5:22  Overlord  
  43  5:23  Overlord  
  42  5:36  Spine Crawler  
  41  5:47  Roach  
  41  5:48  Roach x6  
  54  5:52  Roach x2  
  54  5:55  Roach  
  59  5:57  Roach  
  59  6:00  Roach  
  64  6:04  Zergling x4  
  64  6:06  Spine Crawler  
  64  6:11  Roach  
  64  6:15  Roach  
  62  6:18  Roach  
  62  6:19  Queen  
  63  6:33  Drone x5  
  63  6:39  Lair  
  69  6:44  Drone  
  70  6:49  Drone  
  70  6:50  Drone  
  70  6:52  Hatchery  
  71  6:56  Zerg Missile Weapons Level 1, Extractor  
  71  6:57  Overlord  
  71  6:59  Overlord  
  70  7:04  Zergling x2  
  71  7:09  Roach  
  71  7:14  Roach  
  75  7:18  Roach  
  77  7:30  Roach  
  77  7:31  Roach x4  
  87  7:41  Overlord, Queen  
  87  7:42  Queen  
  91  7:44  Glial Reconstitution  
  90  7:52  Roach  
  90  7:54  Overlord x2, Spine Crawler  
  91  8:01  Roach x2  
  91  8:03  Roach  
  91  8:05  Roach  
  99  8:07  Roach  
  99  8:11  Roach  
  103  8:14  Roach  
  103  8:15  Zergling x2  
  103  8:18  Queen  
  106  8:21  Roach  
  98  8:28  Roach x4  
  100  8:36  Roach  
  100  8:37  Roach  
  104  8:42  Overlord  
  104  8:47  Ravager  
  104  8:49  Roach  
  104  8:53  Overlord  
  104  8:55  Overlord  
  106  8:58  Roach  
  106  8:59  Roach x2  
  106  9:02  Roach  
  114  9:10  Roach  
  114  9:11  Roach  
  114  9:16  Overlord  
  118  9:19  Roach x3  
  124  9:24  Roach  

Tags
 
Add a new tag
Caveats
  • Supply blocks, unpowered buildings, or Contaminate may cause inaccurate times.
  • Supply counts are checked every 10 seconds.